 Dungeon Sprint DCSS version 0.28-a0-991-g956f0ee3d5 (webtiles) character file.

Game seed: 9927370910492039999

298 mhtbhm the Cudgeller (level 6, -1/66 HPs)
             Began as a Troll Monk on Dec 4, 2021.
             Was an Initiate of Gozag.
             Slain by a vampire (6 damage)
             ... in the Dungeon (Sprint IX: "|||||||||||||||||||||||||||||").
             The game lasted 00:00:58 (251 turns).

mhtbhm the Cudgeller (Troll Monk)                    Turns: 251, Time: 00:00:58

Health: -1/66      AC:  5    Str: 25    XL:     6   Next: 13%
Magic:  5/5        EV: 14    Int:  6    God:    Gozag
Gold:   0          SH:  0    Dex: 12    Spells: 5/5 levels left

rFire   . . .      SeeInvis .   a - +2 morningstar (protect)
rCold   . . .      Faith    .   (no shield)
rNeg    . . .      Spirit   .   b - +0 robe
rPois   .          Reflect  .   (helmet restricted)
rElec   .          Harm     .   k - +0 cloak
rCorr   .          Rampage  .   (gloves unavailable)
Will    .....      NoTele   +   (boots unavailable)
Stlth   ++........              (no amulet)
HPRegen 1.01/turn               l - +3 ring of strength
MPRegen 0.09/turn               m - +2 ring of evasion

@: no status effects
A: large, unfitting armour, claws 3, regeneration 1, shaggy fur 1, tough skin 1
a: Renounce Religion, Potion Petition, Call Merchant, Bribe Branch


You were in the Dungeon.
You worshipped Gozag.
Gozag was noncommittal.
You visited 1 branch

Inventory:

Hand Weapons
 a - a +2 morningstar of protection (weapon)
Armour
 b - a +0 robe (worn)
 k - a +0 cloak (worn)
Jewellery
 l - a +3 ring of strength (left claw)
 m - a +2 ring of evasion (right claw)
Wands
 j - a wand of acid (8)
Scrolls
 h - 2 scrolls of blinking
 i - 2 scrolls of amnesia
Potions
 c - 5 potions of curing
 e - a potion of haste
 f - 4 potions of magic
 g - a potion of heal wounds


   Skills:
 + Level 5.6 Fighting
 + Level 7.9 Maces & Flails
 + Level 6.1 Dodging
 + Level 2.8 Stealth


You had 5 spell levels left.
You didn't know any spells.
Your spell library was empty.

Dungeon Overview and Level Annotations

Branches:
Dungeon (1/1)

Altars:
Cheibriados
Dithmenos
Elyvilon
Fedhas
Gozag
Hepliaklqana
Kikubaaqudgha
Makhleb
Nemelex Xobeh
Okawaru
Qazlal
Ru
Sif Muna
Trog
Uskayaw
Vehumet
Wu Jian
Xom
Yredelemnul
Zin
The Shining One
Beogh
Jiyva
Lugonu


Innate Abilities, Weirdness & Mutations

You are too large for most types of armour.
You have claws for hands.
Your natural rate of healing is unusually fast.
You are covered in fur. (AC +1)
You have tough skin. (AC +1)


Message History

The bolt of acid hits the troll!
The acid corrodes the troll!
The troll is moderately wounded.
The troll is no longer distracted by gold.
The troll shouts!
The bolt of acid hits the ball python zombie!
The acid corrodes the ball python zombie!
You destroy the ball python zombie!
Unknown command.
Unknown command.
You hit something. Something hits you! Something bites you but does no damage.
You puncture something! Something hits you. Something completely misses you.
You closely miss something. Something hits you but does no damage.
Something barely misses you.
Unknown command.
Aiming: Corrosive Bolt
Press: ? - help, Shift-Dir - straight line, f/p - troll
Aim: a troll (lightly wounded, covered in acid, 71% to hit)
The bolt of acid hits the troll!
The troll is heavily wounded.
Something hits you but does no damage. Something bites you but does no damage.
Unknown command.
Unknown command.
Unknown command.
You barely miss something. Something hits you. Something completely misses you.
You miss something. Something draws life force from you!!
* * * LOW HITPOINT WARNING * * *
Something hits you.
* * * LOW HITPOINT WARNING * * *
Something bites you!
* * * LOW HITPOINT WARNING * * *
Something draws strength from your injuries!
You feel much better. Something hits you!
* * * LOW HITPOINT WARNING * * *
Something bites you but does no damage.
You closely miss something.
The troll is no longer covered in acid.
Something hits you.
* * * LOW HITPOINT WARNING * * *
Something bites you.
You die...
Your body crumbles into a pile of gold.

▓.▓
$
▓.▓
$
▓)▓
$
▓.▓
$
▓.▓
▓[▓
$
▓[▓
▓.▓
$
▓@▓
$
▓{▓
$
▓T▓
$
▓$▓
$ $
▓.▓
$
▓.▓
$ $
▓.▓
$
▓.▓
$


You could see a troll.

Vanquished Creatures
  An orc warrior (D)
  2 killer bees (D)
  A hound (D)
  A gnoll shaman (D)
  2 iguanas (D)
  A dart slug (D)
  A bat skeleton (D)
  An endoplasm (D)
  A giant cockroach (D)
  A hobgoblin (D)
  A ball python zombie (D)
  A frilled lizard (D)
14 creatures vanquished.

Notes
Turn   | Place    | Note
-------+----------+-------------------------------------------
     0 | D        | mhtbhm the Troll Monk began the quest for the Orb.
     0 | D        | Reached XP level 1. HP: 22/22 MP: 0/0
     8 | D        | Reached skill level 3 in Maces & Flails
    22 | D        | Noticed an iguana
    22 | D        | Noticed a gnoll shaman
    22 | D        | Noticed a hound
    22 | D        | Noticed an iguana
    31 | D        | Killed an iguana
    32 | D        | Reached skill level 4 in Maces & Flails
    32 | D        | Reached XP level 2. HP: 25/32 MP: 1/1
    32 | D        | Reached XP level 3. HP: 30/39 MP: 2/2
    50 | D        | Reached skill level 5 in Maces & Flails
    50 | D        | Reached XP level 4. HP: 21/49 MP: 3/3
    56 | D        | Reached skill level 5 in Dodging
    68 | D        | Found a snail-covered altar of Cheibriados.
    68 | D        | Found a shadowy altar of Dithmenos.
    68 | D        | Found a white marble altar of Elyvilon.
    68 | D        | Found a blossoming altar of Fedhas.
    68 | D        | Found an opulent altar of Gozag.
    69 | D        | Found a hazy altar of Hepliaklqana.
    70 | D        | Found a viscous altar of Jiyva.
    71 | D        | Found an ancient bone altar of Kikubaaqudgha.
    72 | D        | Found a corrupted altar of Lugonu.
    73 | D        | Found a burning altar of Makhleb.
    74 | D        | Found a sparkling altar of Nemelex Xobeh.
    75 | D        | Found an iron altar of Okawaru.
    76 | D        | Became a worshipper of Gozag Ym Sagoz the Greedy
    77 | D        | Found a stormy altar of Qazlal.
    78 | D        | Found a sacrificial altar of Ru.
    79 | D        | Found a shimmering blue altar of Sif Muna.
    80 | D        | Found a bloodstained altar of Trog.
    81 | D        | Found a hide-covered altar of Uskayaw.
    82 | D        | Found a radiant altar of Vehumet.
    83 | D        | Found an ornate altar of the Wu Jian Council.
    84 | D        | Found a shimmering altar of Xom.
    85 | D        | Found a basalt altar of Yredelemnul.
    86 | D        | Found a glowing silver altar of Zin.
    87 | D        | Found a glowing golden altar of the Shining One.
   223 | D        | Noticed an orc warrior
   223 | D        | Noticed a vampire
   223 | D        | Noticed a troll
   228 | D        | Reached skill level 5 in Fighting
   228 | D        | Reached skill level 6 in Maces & Flails
   228 | D        | Reached XP level 5. HP: 46/57 MP: 4/4
   235 | D        | Killed an orc warrior
   236 | D        | Reached skill level 7 in Maces & Flails
   240 | D        | Reached XP level 6. HP: 56/66 MP: 5/5
   251 | D        | Slain by a vampire

Illustrated notes

Levels and vault maps discovered:
D:        linesprint [early_d, line_temple, items_1, d_10, items_2, lair_1,
          lair_end, items_3, orc_1, orc_end, items_4, d_15, swamp_1, shoals_1,
          snake_1, spider_1, d_20, vaults_1, items_5, swamp_end, shoals_end,
          snake_end, spider_end, vaults_end, d_27, items_6, zot_1, zot_end,
          crypt_end, forest_end, elf_end, slime_end, tomb_end, abyss_end,
          pan_hell_end]

Skill      XL: |  1  2  3  4  5 |
---------------+----------------+-----
Maces & Flails | 4 5 6 7 |  7.9
Fighting       | 3 4 5 |  5.6
Dodging        | 3 4 5 6 |  6.1
Stealth        | 2 |  2.8

Action                   |  1- 3 |  4- 6 || total
-------------------------+-------+-------++-------
Melee: Mace              |    37 |     8 ||    45
       Morningstar       |       |    25 ||    25
Evoke: Wand              |       |     2 ||     2
  Use: Potion            |     1 |     3 ||     4
 Stab: Invisible         |       |     6 ||     6
Armor: Robe              |     9 |    16 ||    25
Dodge: Dodged            |    23 |    24 ||    47

Table legend: (Time is in decaauts)
 A = Elapsed time spent in this place.
 B = Non-inter-level travel time spent in this place.
 C = Inter-level travel time spent in this place.
 D = Time resting spent in this place.
 E = Time spent auto-exploring this place.
 F = Levels seen in this place.
 G = Mean time per level.
                   A        B        C        D        E       F      G
               +--------+--------+--------+--------+--------+-----+--------+
         Total |    271 |    271 |      0 |    100 |      0 |   1 |  271.0 |
       Dungeon |    271 |    271 |      0 |    100 |      0 |   1 |  271.0 |
               +--------+--------+--------+--------+--------+-----+--------+

Top non-repeatable levels by time:
       D: 271 daAuts
